[Event "Early-Titled-Tuesday-Blitz-October-10-2023"]
[Site "Chess.com"]
[Date "2023.10.10"]
[Round "3"]
[White "atalz0"]
[Black "Alonmindlin"]
[Result "1-0"]
[WhiteElo "2496"]
[BlackElo "2698"]
[TimeControl "180+1"]
[EndTime "8:27:43 PDT"]
[Termination "atalz0 won by resignation"]

1. d4 Nf6 2. c4 e6 3. Nc3 Bb4 4. Qc2 d5 5. cxd5 exd5 6. Bf4 O-O 7. e3 c5 8. dxc5 Nc6 9. Nf3 Bg4 10. Be2 Bxf3 11. Bxf3 d4 12. Rd1 Qe8 13. a3 Bxc5 14. Na4 Bb6 15. Nxb6 axb6 16. Bd6 dxe3 17. Bxf8 exf2+ 18. Kxf2 Qxf8 19. Rhe1 Rc8 20. Qb3 Qc5+ 21. Qe3 Qb5 22.
Rd2 h6 23. Kg1 Re8 24. Qf2 Rxe1+ 25. Qxe1 Qc5+ 26. Qf2 Qc1+ 27. Rd1 Qf4 28. Qxb6 Ne5 29. Qf2 Kh7 30. h3 g6 31. Bxb7 Qa4 32. Re1 Nd3 33. Qxf6 Nxe1 34. Qxf7+ Kh8 35. Bd5 Qd4+ 36. Kh1 Qg7 37.
Qxg7+ Kxg7 38. a4 Nd3 39. a5 Nb4 40. Bc4 Kf6 41. a6 Nc6 42. b4 Ke5 43. b5 1-0

[Event "Early-Titled-Tuesday-Blitz-October-10-2023"]
[Site "Chess.com"]
[Date "2023.10.10"]
[Round "3"]
[White "Tsyhanchuk_Stanislav"]
[Black "SashaKuzhilniy"]
[Result "1-0"]
[WhiteElo "2471"]
[BlackElo "2616"]
[TimeControl "180+1"]
[EndTime "8:27:43 PDT"]
[Termination "Tsyhanchuk_Stanislav won by resignation"]

1. e4 g6 2. c4 Bg7 3. d4 d6 4.
Nc3 c5 5. d5 Bxc3+ 6. bxc3 e5 7. g3 h6 8. Bg2 Ne7 9. f4 f6 10. Nf3 Nd7 11. Nh4 Nf8 12. fxe5 fxe5 13. O-O g5 14. Qh5+ Kd7 15. Bxg5 Qe8 16. Rf7 Rh7 17. Bh3+ Kc7 18. Rxh7 Qxh5 19. Bxe7 Bxh3 20. Bxf8+ Kb6 21. Rb1+ Ka6 22. Rhxb7 Rxf8 23. R7b3 Rf1+ 24. Rxf1 Bxf1 25.
Kxf1 Qd1+ 26. Kg2 Qe2+ 27. Kh3 Qxe4 28. Rb8 Qxc4 29. Rd8 Qxd5 30. Nf5 Qe6 31. Rxd6+ Qxd6 32. Nxd6 1-0

[Event "Early-Titled-Tuesday-Blitz-October-10-2023"]
[Site "Chess.com"]
[Date "2023.10.10"]
[Round "3"]
[White "topin8"]
[Black "Sanyura"]
[Result "1-0"]
[WhiteElo "2433"]
[BlackElo "2574"]
[TimeControl "180+1"]
[EndTime "8:27:43 PDT"]
[Termination "topin8 won by checkmate"]

1. e4 c6 2. d4 d5 3. e5 Bf5 4. h4 h5 5. Bg5 c5 6. Nf3 Qb6 7.
Nc3 e6 8. Na4 Qa5+ 9. c3 cxd4 10. Nxd4 Nc6 11. Bb5 a6 12. Bxc6+ bxc6 13. Nxf5 exf5 14.
O-O Be7 15. b4 Qc7 16. Bf4 Nh6 17. Qd4 Qa7 18. Qd3 Ng4 19. g3 g6 20. Kg2 g5 21. Bxg5 Bxg5 22. hxg5 h4 23. Qxf5 h3+ 24. Kh1 Qd7 25. Qxd7+ Kxd7 26. Nb6+ Ke6 27. Nxa8 Rxa8 28. Rae1 Kf5 29. g6 fxg6 30. e6 Re8 31. e7 Ne5 32.
f4 Ng4 33. Re2 Nf6 34. Re5+ Kg4 35. Rg5# 1-0

[Event "Early-Titled-Tuesday-Blitz-October-10-2023"]
[Site "Chess.com"]
[Date "2023.10.10"]
[Round "3"]
[White "ZeGood_ZeBad_ZeUgly"]
[Black "dosto07"]
[Result "0-1"]
[WhiteElo "2318"]
[BlackElo "2506"]
[TimeControl "180+1"]
[EndTime "8:27:43 PDT"]
[Termination "dosto07 won on time"]

1. Nf3 d5 2. g3 Nf6 3. Bg2 c6 4.
d3 Bf5 5. O-O Nbd7 6. Nbd2 e6 7.
Re1 h6 8. e4 Bh7 9. e5 Ng8 10.
Nf1 Ne7 11. h4 Nf5 12. Ne3 Bc5 13. d4 Bb4 14. Bd2 Bxd2 15. Qxd2 O-O 16. Bh3 Nxe3 17. Rxe3 c5 18. c3 Rc8 19. Rc1 cxd4 20. cxd4 Rxc1+ 21. Qxc1 Qa5 22. a3 Nb8 23. Rc3 Nc6 24. Rc5 Qb6 25.
b4 Be4 26. b5 Bxf3 27. bxc6 bxc6 28. Rxc6 Qxd4 29. Rc3 Be4 30. Re3 Rb8 31. Bf1 Rb1 32. Qc8+ Kh7 33. Qa6 Qd1 34. f3 Bf5 35. g4 d4 36. gxf5 dxe3 37. Kg2 Qd2+ 38. Be2 Re1 39. fxe6 Rxe2+ 40. Kg3 Rg2+ 41. Kf4 e2+ 42. Ke4 e1=Q+ 43. Kf5 Qc2+ 44. Kf4 Qxh4+ 45. Ke3 Qg5+ 46. f4 Qg3+ 47. Kd4 Qgf2+ 48. Kd5 Qfd2+ 0-1

[Event "Early-Titled-Tuesday-Blitz-October-10-2023"]
[Site "Chess.com"]
[Date "2023.10.10"]
[Round "3"]
[White "Fh2411"]
[Black "UK_23"]
[Result "1-0"]
[WhiteElo "2571"]
[BlackElo "2381"]
[TimeControl "180+1"]
[EndTime "8:27:46 PDT"]
[Termination "Fh2411 won by resignation"]

1. d4 d5 2. Nf3 Nf6 3. Bf4 c5 4. e3 Nc6 5. Nbd2 Bg4 6. c3 e6 7. Qb3 Qc8 8. Ne5 Nxe5 9. Bxe5 Nd7 10. Bb5 a6 11. Bxd7+ Qxd7 12. c4 cxd4 13. Bxd4 f6 14. cxd5 exd5 15. h3 Bh5 16. Rc1 Be7 17. O-O O-O 18.
Qb6 Rac8 19. Nb3 Bf7 20. Na5 Bd8 21. Qxb7 Qxb7 22. Nxb7 Rb8 23. Nxd8 Rfxd8 24. Rc7 Rdc8 25. Rfc1 Be6 26. R1c6 Rxc7 27. Rxc7 Rc8 28. Ra7 Rc6 29. Kh2 h5 30. Kg3 Bf7 31. a4 Be6 32. b4 Bf7 33. b5 axb5 34. axb5 Rc8 35. b6 Rb8 36. b7 Kh7 37. Bc5 1-0

[Event "Early-Titled-Tuesday-Blitz-October-10-2023"]
[Site "Chess.com"]
[Date "2023.10.10"]
[Round "3"]
[White "Grossboss19"]
[Black "chessculator16"]
[Result "1-0"]
[WhiteElo "2526"]
[BlackElo "2296"]
[TimeControl "180+1"]
[EndTime "8:27:46 PDT"]
[Termination "Grossboss19 won by resignation"]

1. d4 d5 2. Nc3 Nf6 3. Bf4 c5 4. e4 Nxe4 5. Nxe4 dxe4 6. dxc5 Qa5+ 7. c3 Qxc5 8. Qa4+ Nc6 9. Qxe4 Bf5 10. Qa4 e5 11. Be3 Qa5 12. Qxa5 Nxa5 13. Bb5+ Bd7 14. Bxd7+ Kxd7 15. O-O-O+ Kc7 16. Nf3 Bd6 17. Rd5 Nc6 18. Rhd1 Rad8 19. Ng5 Be7 20. Nxf7 Rxd5 21. Rxd5 Rf8 22.
Nxe5 Nxe5 23. Rxe5 Bd6 24. Rh5 h6 25. g3 a6 26. Kc2 b5 27. Rd5 Kc6 28. Rd2 h5 29. h4 g6 30. Kb3 Re8 31. Rd3 Re6 32. a4 Be7 33. axb5+ axb5 34. c4 bxc4+ 35. Kxc4 Re4+ 36.
Rd4 Re6 37. b4 Bd6 38. b5+ Kc7 39. Rd3 Re4+ 40. Kd5 Rb4 41. b6+ Kd7 42. Rd4 Rxb6 43.
Ra4 Rb5+ 44. Ke4 Ke6 45. Bd4 Rb4 46. Ra6 Kd7 47. Kd5 Rb5+ 48. Kc4 Rb4+ 49. Kd3 Rb3+ 50. Ke4 Rb4 51. Ke3 Rb3+ 52. Ke2 Rb4 53. Be3 Rb2+ 54.
Kf3 Rb3 55. Ke4 Rb4+ 56. Kd5 Rb5+ 57. Kc4 Rb4+ 58. Kc3 Rb7 59. Bd4 Ke7 60. Kd3 Rb3+ 61. Kc4 Rb4+ 62. Kc3 Rb7 63. f4 Ke6 64. Be5 Rc7+ 65.
Kd3 Rd7 66. Ke4 Ke7 67. Bxd6+ Rxd6 68. Rxd6 Kxd6 69. f5 gxf5+ 70. Kxf5 Ke7 71. Kg5 1-0

[Event "Early-Titled-Tuesday-Blitz-October-10-2023"]
[Site "Chess.com"]
[Date "2023.10.10"]
[Round "3"]
[White "crazy_m_attack"]
[Black "NowInChess"]
[Result "1-0"]
[WhiteElo "2413"]
[BlackElo "2207"]
[TimeControl "180+1"]
[EndTime "8:27:46 PDT"]
[Termination "crazy_m_attack won on time"]

1. e4 e6 2. d4 d5 3. Nc3 Nc6 4. Nf3 Nf6 5. e5 Ne4 6. Ne2 f6 7. Nf4 fxe5 8. Nxe5 Nxe5 9. dxe5 g6 10. Bd3 Bg7 11.
Bxe4 dxe4 12. Qxd8+ Kxd8 13. O-O Bxe5 14. Re1 Rf8 15. Rxe4 Bxf4 16. Bxf4 Bd7 17. Rd1 Rf7 18. Bg5+ Ke8 19. f3 a5 20. a4 Ra6 21. Red4 Rb6 22. b3 Rc6 23. R1d2 e5 24. Rd5 Re6 25. Rxa5 Ra6 26. Rxe5+ Kf8 27. Bh6+ Kg8 28. Red5 Be8 29.
Re2 Bc6 30. Rd8+ 1-0

[Event "Early-Titled-Tuesday-Blitz-October-10-2023"]
[Site "Chess.com"]
[Date "2023.10.10"]
[Round "3"]
[White "salomez"]
[Black "Let_it_be_1"]
[Result "1-0"]
[WhiteElo "2319"]
[BlackElo "2547"]
[TimeControl "180+1"]
[EndTime "8:27:47 PDT"]
[Termination "salomez won by resignation"]

1. d4 d5 2. Nc3 e6 3. Bf4 Bd6 4.
Qd2 Nf6 5. Nf3 O-O 6. e3 Bxf4 7. exf4 b6 8. Ne5 Ba6 9. Bxa6 Nxa6 10. g4 c5 11. g5 Ne4 12. Nxe4 dxe4 13. O-O-O Qd5 14. c4 Qd6 15. d5 f6 16. gxf6 gxf6 17. Rhg1+ Kh8 18.
Ng6+ hxg6 19. f5 g5 20. fxe6 Nb4 21. h4 Qf4 22. hxg5 fxg5 23. Rxg5 Qxd2+ 24. Kxd2 Rxf2+ 25. Ke3 Rh2 26. d6 Nd3 27. e7 Rh7 28. Rdg1 Ne5 29.
Rxe5 Re8 30. d7 1-0

[Event "Early-Titled-Tuesday-Blitz-October-10-2023"]
[Site "Chess.com"]
[Date "2023.10.10"]
[Round "3"]
[White "SmirnovAlexandrA"]
[Black "WindWhistler11"]
[Result "1-0"]
[WhiteElo "2637"]
[BlackElo "2460"]
[TimeControl "180+1"]
[EndTime "8:27:48 PDT"]
[Termination "SmirnovAlexandrA won on time"]

1. e4 e6 2. d4 d5 3. e5 c5 4.
c3 Nc6 5. Nf3 Bd7 6. Be2 Nge7 7.
O-O cxd4 8. cxd4 Nf5 9. Nc3 Be7 10. Be3 O-O 11. Qd2 f6 12. Rac1 fxe5 13. dxe5 Nxe3 14.
Qxe3 Be8 15. Nd4 Nxd4 16. Qxd4 b6 17. Rfd1 Bc5 18. Qg4 Bxf2+ 19. Kh1 Qe7 20. Rf1 Bg6 21. Bf3 Be3 22. Rce1 Bd2 23. Rd1 Bh6 24. Nxd5 exd5 25.
Bxd5+ Kh8 26. Bxa8 Rxa8 27. e6 Re8 28. Rd7 Qg5 29.
e7 Qc5 30. Qd4 1-0

[Event "Early-Titled-Tuesday-Blitz-October-10-2023"]
[Site "Chess.com"]
[Date "2023.10.10"]
[Round "3"]
[White "DarZay"]
[Black "Lady_Nika"]
[Result "1-0"]
[WhiteElo "2240"]
[BlackElo "2528"]
[TimeControl "180+1"]
[EndTime "8:27:48 PDT"]
[Termination "DarZay won by checkmate"]

1. e4 e6 2. d4 d5 3. Bd3 Nf6 4. e5 Nfd7 5. c3 c5 6. f4 Nc6 7. Nf3 a6 8. Qc2 b5 9. O-O Qb6 10. Be3 cxd4 11. Nxd4 Bc5 12. Qf2 Bxd4 13. cxd4 g6 14.
a3 Bb7 15. Nd2 O-O-O 16. Nb3 Kb8 17. Nc5 Nxc5 18. dxc5 Qc7 19. Bd4 Rc8 20. b4 h5 21.
h4 Qe7 22. g3 Rcf8 23. Rfb1 Nxd4 24. Qxd4 f6 25. a4 Bc6 26. axb5 axb5 27. Ra6 Kb7 28. Rba1 Ra8 29. Rb6+ Kc7 30. Bxb5 Bxb5 31. Rxb5 Qd7 32. c6 Qxc6 33. Rc5 fxe5 34. Qxe5+ Kb7 35. Rxc6 Kxc6 36. Rc1+ Kb5 37. Qxe6 Rhd8 38. Qc6+ Kxb4 39. Rb1+ Ka3 40. Qc3+ Ka4 41. Qb4# 1-0

[Event "Early-Titled-Tuesday-Blitz-October-10-2023"]
[Site "Chess.com"]
[Date "2023.10.10"]
[Round "3"]
[White "Likvidator228"]
[Black "soumeow"]
[Result "1-0"]
[WhiteElo "2569"]
[BlackElo "2301"]
[TimeControl "180+1"]
[EndTime "8:27:49 PDT"]
[Termination "Likvidator228 won on time"]

1. g4 d5 2. Bg2 Bxg4 3. c4 e6 4. Qb3 Nc6 5. cxd5 exd5 6. Qxb7 Nb4 7. Na3 Rb8 8. Qxa7 Be7 9. Qa4+ Bd7 10. Qd1 Nf6 11. Nf3 Ra8 12. b3 Bf5 13. O-O O-O 14. Nd4 Bg6 15. Nac2 Nxc2 16. Nxc2 Qd6 17. h3 d4 18. d3 c5 19. Bg5 Ra6 20. Qd2 h6 21.
Bf4 Qd7 22. b4 Nd5 23. bxc5 Nxf4 24. Qxf4 Bxc5 25. a4 Rf6 26. Qh4 Rd8 27. a5 Ra6 28. Rfb1 1-0

[Event "Early-Titled-Tuesday-Blitz-October-10-2023"]
[Site "Chess.com"]
[Date "2023.10.10"]
[Round "3"]
[White "vedantgoswami"]
[Black "Doudou2015"]
[Result "1-0"]
[WhiteElo "2396"]
[BlackElo "2166"]
[TimeControl "180+1"]
[EndTime "8:27:49 PDT"]
[Termination "vedantgoswami won on time"]

1. c3 e5 2. d4 exd4 3. cxd4 d5 4.
Nc3 c6 5. Bf4 Bd6 6. Bxd6 Qxd6 7. e3 Nf6 8. Bd3 O-O 9. Nge2 Nbd7 10. h3 Re8 11. O-O Nf8 12. Rc1 Ng6 13. a3 a5 14.
Na4 Be6 15. Nc5 Reb8 16. b4 axb4 17. axb4 Ra3 18. Ra1 Rba8 19. Rxa3 Rxa3 20. Qc2 Bc8 21. Qb2 Ra8 22. Ra1 Qb8 23. b5 b6 24. Nb3 cxb5 25. Bxb5 Bf5 26. Nd2 Ra5 27. Bc6 Qa7 28. Rxa5 Qxa5 29.
Ng3 Bd3 30. Nf3 h5 31. Ne5 Nxe5 32. dxe5 Ne4 33. Nxe4 dxe4 34. h4 b5 35. Kh2 b4 36.
Qd4 g6 37. Bd5 1-0

[Event "Early-Titled-Tuesday-Blitz-October-10-2023"]
[Site "Chess.com"]
[Date "2023.10.10"]
[Round "3"]
[White "MartinMatthiesen"]
[Black "LamaChampetre"]
[Result "1-0"]
[WhiteElo "2469"]
[BlackElo "2246"]
[TimeControl "180+1"]
[EndTime "8:27:50 PDT"]
[Termination "MartinMatthiesen won on time"]

1. Nf3 g6 2. e4 c5 3. d4 cxd4 4. Nxd4 Nc6 5. c4 Bg7 6. Be3 Nf6 7. Nc3 Ng4 8. Qxg4 Nxd4 9. Qd1 e5 10. Bd3 O-O 11. O-O d6 12. Nb5 Nxb5 13. cxb5 Be6 14.
Qa4 d5 15. exd5 Bxd5 16. Rfd1 Qf6 17. Bxg6 Bxg2 18. Bxh7+ Kxh7 19. Kxg2 Bh6 20. Qe4+ Kh8 21. Bxh6 Rg8+ 22. Kh1 Qxh6 23. Qxe5+ f6 24. Qe3 Qh5 25. Rg1 Rae8 26. Qf4 Qd5+ 27. f3 Qf7 28. Qh6+ Qh7 29. Qxf6+ Rg7 30. Rae1 Rxe1 31. Rxe1 1-0

[Event "Early-Titled-Tuesday-Blitz-October-10-2023"]
[Site "Chess.com"]
[Date "2023.10.10"]
[Round "3"]
[White "DerKnipser"]
[Black "erugee"]
[Result "1-0"]
[WhiteElo "2463"]
[BlackElo "2242"]
[TimeControl "180+1"]
[EndTime "8:27:50 PDT"]
[Termination "DerKnipser won on time"]

1. e4 e5 2. Nc3 Nc6 3. f4 Bc5 4. Nf3 d6 5. Na4 Bg4 6. Nxc5 dxc5 7.
Be2 exf4 8. d3 Bxf3 9. Bxf3 g5 10. O-O Nge7 11. Bh5 O-O 12. Qg4 Ng6 13. g3 Nce5 14.
Qf5 Qd7 15. gxf4 gxf4 16. Bxf4 Qxf5 17. exf5 Nxf4 18. Rxf4 Nc6 19. f6 Kh8 20. Kf2 Nd4 21.
c3 Ne6 22. Rg4 Rad8 23. Ke3 Rd5 24. Rh4 Rf5 25. Bf3 Rxf6 26. Bxb7 Re8 27. Be4 Ng5 28. Rg4 h6 29. h4 Nf3 30. Rf4 Rxf4 31. Kxf4 Nxh4 32.
Rh1 Ng6+ 33. Bxg6 fxg6 34. Rxh6+ Kg7 35. Rh2 Re1 36. a3 Rd1 37. Ke4 c6 38. Rf2 Re1+ 39.
Kf3 Re5 40. d4 cxd4 41. cxd4 Rb5 42. Ke4 a5 43. Rc2 1-0

[Event "Early-Titled-Tuesday-Blitz-October-10-2023"]
[Site "Chess.com"]
[Date "2023.10.10"]
[Round "3"]
[White "LeoWin2012"]
[Black "Emp3rador"]
[Result "0-1"]
[WhiteElo "2319"]
[BlackElo "2527"]
[TimeControl "180+1"]
[EndTime "8:27:53 PDT"]
[Termination "Emp3rador won on time"]

1. e4 e6 2. d4 d5 3. exd5 exd5 4. Bd3 Nf6 5. h3 c5 6. c3 Nc6 7. Nf3 c4 8. Bc2 Bd6 9. O-O O-O 10. Re1 h6 11.
Nbd2 Re8 12. b3 cxb3 13. axb3 a5 14. Ba3 Bxa3 15. Rxa3 Qd6 16. Ra1 Bd7 17. Nf1 Ne4 18.
Qd3 Bf5 19. Ne3 Bg6 20. Ne5 Nxf2 21. Qe2 Bxc2 22. Qxf2 Bg6 23. Nxg6 fxg6 24. Ng4 Rf8 25. Qc2 Rae8 26. Qd3 h5 27. Ne3 Qg3 28. Re2 Ne7 29. Nf1 Qxd3 30. Rae1 Qxc3 0-1

[Event "Early-Titled-Tuesday-Blitz-October-10-2023"]
[Site "Chess.com"]
[Date "2023.10.10"]
[Round "3"]
[White "KejJaj"]
[Black "AsaHoffmann"]
[Result "0-1"]
[WhiteElo "2187"]
[BlackElo "2402"]
[TimeControl "180+1"]
[EndTime "8:27:53 PDT"]
[Termination "AsaHoffmann won by checkmate"]

1. d4 Nf6 2. Bf4 d6 3. Nc3 c6 4. e4 b5 5. Bd3 a6 6. f3 Nbd7 7. Qd2 e5 8. Be3 Be7 9. g4 Bb7 10. O-O-O Qc7 11. h4 h6 12. Nh3 Nb6 13. Qe2 Nfd7 14.
g5 O-O-O 15. Kb1 hxg5 16. Nxg5 Rdf8 17. f4 c5 18. dxc5 Nxc5 19. fxe5 dxe5 20. Qf2 Nbd7 21. a3 f6 22. Nf3 Rd8 23. h5 Qc6 24.
Nd5 Bd6 25. Rdg1 Nb6 26. Nxb6+ Qxb6 27. Rxg7 Rd7 28. Rxd7 Kxd7 29. Qg3 Re8 30. Qg4+ Kc7 31. h6 Bc8 32. Qg7+ Re7 33. Qxf6 Be6 34. h7 Nd7 35. Qg6 Qxe3 36. h8=Q Qxf3 37. Qa8 Qxh1+ 38. Bf1 Qxf1# 0-1

[Event "Early-Titled-Tuesday-Blitz-October-10-2023"]
[Site "Chess.com"]
[Date "2023.10.10"]
[Round "3"]
[White "norwaytoadog"]
[Black "ivana_999"]
[Result "1-0"]
[WhiteElo "2334"]
[BlackElo "2050"]
[TimeControl "180+1"]
[EndTime "8:27:53 PDT"]
[Termination "norwaytoadog won by checkmate"]

1. e4 e6 2. d4 d5 3. Nc3 Nf6 4. e5 Ng8 5. f4 c5 6. Nf3 Nc6 7. Be3 cxd4 8. Nxd4 Bb4 9. Qg4 g6 10.
Bd3 Nge7 11. O-O Qb6 12. Nce2 Bc5 13. c3 Bd7 14. Rab1 Nf5 15. Bxf5 gxf5 16. Qg5 Nxd4 17.
Bxd4 Bxd4+ 18. Nxd4 Qd8 19. Qg7 Rf8 20. Rf3 Qh4 21.
Rbf1 Qh5 22. Rh3 Qg6 23. Rxh7 Qxg7 24. Rxg7 Ke7 25. Rf3 Rg8 26. Rfg3 Rxg7 27. Rxg7 b5 28.
Nf3 a5 29. Ng5 Rf8 30. Nh7 Rc8 31. Nf6 Be8 32. h4 b4 33. cxb4 axb4 34. h5 Rc2 35. h6 Rxb2 36. h7 Rxa2 37. h8=Q Ra1+ 38. Kh2 Rh1+ 39. Kxh1 b3 40. Qxe8# 1-0

[Event "Early-Titled-Tuesday-Blitz-October-10-2023"]
[Site "Chess.com"]
[Date "2023.10.10"]
[Round "3"]
[White "sergoy"]
[Black "fastestmindalive"]
[Result "0-1"]
[WhiteElo "3006"]
[BlackElo "2738"]
[TimeControl "180+1"]
[EndTime "8:27:54 PDT"]
[Termination "fastestmindalive won by resignation"]

1. d4 Nf6 2. c4 g6 3. Nc3 Bg7 4. e4 d6 5. Nf3 Bg4 6. Be2 Bxf3 7. Bxf3 e5 8. d5 h5 9. Rb1 Nbd7 10. b4 a5 11. a3 Bh6 12. Bxh6 Rxh6 13. Qd2 Rh8 14. O-O Kf8 15. Nb5 Kg7 16. Rfc1 b6 17. h3 h4 18. Qe2 Nh7 19. Bg4 Nhf6 20. Bxd7 Nxd7 21. Rb3 Qg5 22. Qe3 Qxe3 23. Rxe3 axb4 24. axb4 Rhc8 25. Ra3 Rxa3 26. Nxa3 Nb8 27. Nb5 Na6 28. Na7 Ra8 29.
Nc6 Nb8 30. Nxb8 Rxb8 31. Ra1 b5 32. c5 dxc5 33. bxc5 b4 34. Kf1 b3 35. Ke2 Rb4 36. f3 f5 37. Kd3 fxe4+ 38. fxe4 Kf6 39. Kc3 Rxe4 40. d6 cxd6 41. c6 d5 42. Kxb3 Rc4 43.
Ra6 Kf5 44. Rb6 g5 45. Ra6 e4 46. Ra5 Ke5 47. Ra6 e3 0-1

[Event "Early-Titled-Tuesday-Blitz-October-10-2023"]
[Site "Chess.com"]
[Date "2023.10.10"]
[Round "3"]
[White "xamax2000"]
[Black "viktorskliarov"]
[Result "1-0"]
[WhiteElo "2860"]
[BlackElo "2646"]
[TimeControl "180+1"]
[EndTime "8:27:56 PDT"]
[Termination "xamax2000 won by checkmate"]

1. Nf3 g6 2. g3 Bg7 3. Bg2 Nf6 4. d4 O-O 5. c4 d6 6. Nc3 Bf5 7. Nh4 Bc8 8. Nf3 Bf5 9. Nh4 Bc8 10. O-O c6 11. e4 Nbd7 12. Nf3 Qc7 13. h3 e5 14.
Be3 exd4 15. Nxd4 Re8 16. Qc2 a5 17. Rad1 Nc5 18. b3 Bd7 19. Rfe1 Rad8 20. f4 Bc8 21. Bf2 Nh5 22. Nde2 f5 23. Bxc5 dxc5 24. e5 Bf8 25. Bf3 Ng7 26. g4 Be7 27. Kg2 Bh4 28. Rxd8 Rxd8 29. Rd1 Rxd1 30. Qxd1 Be7 31. Qd2 Kf8 32.
Ng3 Be6 33. Qe3 Kf7 34. Na4 b6 35. Nc3 Bh4 36. gxf5 Nxf5 37. Nxf5 Bxf5 38. Qd2 g5 39. Ne4 Bxe4 40. Bxe4 h6 41. Bf3 Ke7 42. Bg4 gxf4 43.
Qxf4 Bg5 44. Qf5 Qd8 45. Qh7+ Kf8 46. Qh8+ Ke7 47. Qg7+ Ke8 48. Bh5# 1-0

[Event "Early-Titled-Tuesday-Blitz-October-10-2023"]
[Site "Chess.com"]
[Date "2023.10.10"]
[Round "3"]
[White "Vision_64"]
[Black "JAN2404"]
[Result "1-0"]
[WhiteElo "2351"]
[BlackElo "2067"]
[TimeControl "180+1"]
[EndTime "8:27:56 PDT"]
[Termination "Vision_64 won on time"]

1. f4 c5 2. Nf3 d6 3. g3 Nc6 4.
Bg2 Nf6 5. d3 d5 6. O-O Bf5 7.
e3 Qd7 8. Re1 e6 9. b3 Be7 10. Bb2 O-O 11. Nbd2 Rac8 12. e4 dxe4 13. dxe4 Bg4 14. Nc4 Rcd8 15. Qe2 a6 16. Rad1 Qc7 17. h3 Bxf3 18. Qxf3 b5 19. Ne5 Nd4 20. Qf2 Nc6 21. Nxc6 Qxc6 22. e5 Nd5 23. c4 bxc4 24.
bxc4 Qb6 25. cxd5 exd5 26. Bxd5 Rb8 27. Bc3 Rfd8 28. Bc4 Qg6 29. Kh2 h5 30. e6 f6 31. Rd7 Rxd7 32. exd7+ Kh8 33. Rxe7 Rd8 34. Qe2 Kh7 35. Bd3 1-0

[Event "Early-Titled-Tuesday-Blitz-October-10-2023"]
[Site "Chess.com"]
[Date "2023.10.10"]
[Round "3"]
[White "Fan_Of_Chucky"]
[Black "jcibarra"]
[Result "1-0"]
[WhiteElo "2536"]
[BlackElo "2921"]
[TimeControl "180+1"]
[EndTime "8:27:57 PDT"]
[Termination "Fan_Of_Chucky won by resignation"]

1. d4 Nf6 2. c4 d6 3. Nc3 e5 4. Nf3 e4 5. Ng5 Qe7 6. g3 h6 7. Nh3 c6 8. Bg2 Bf5 9. O-O Qd7 10. Nf4 g5 11. g4 Bxg4 12. f3 exf3 13. exf3 Bf5 14.
Nfe2 Bg7 15. Ng3 Bg6 16. f4 g4 17. f5 Bh7 18. Bf4 Na6 19. Qd2 O-O-O 20. d5 cxd5 21. Nb5 Kb8 22. Bxd6+ Ka8 23. Qf2 b6 24. Nh5 Qc6 25.
Nxf6 Rxd6 26. Nxd5 Kb8 27. Ne7 Qd7 28. Nxd6 Qxd6 29.
Nc6+ Kc7 30. Nxa7 Bd4 31. Nb5+ Kd7 32. Qxd4 Qxd4+ 33. Nxd4 Rc8 34. b3 Ke7 35. Rad1 Kf6 36. Rfe1 Nc5 37. Nc6 Bxf5 38. Rf1 Kg5 39. Rxf5+ Kxf5 40. Ne7+ 1-0

[Event "Early-Titled-Tuesday-Blitz-October-10-2023"]
[Site "Chess.com"]
[Date "2023.10.10"]
[Round "3"]
[White "SharapovEvgeny"]
[Black "TigrVShlyape"]
[Result "0-1"]
[WhiteElo "2614"]
[BlackElo "2938"]
[TimeControl "180+1"]
[EndTime "8:27:58 PDT"]
[Termination "TigrVShlyape won by resignation"]

1. e4 c5 2. Nf3 e6 3. d4 cxd4 4.
Nxd4 a6 5. Bd3 g6 6. O-O Bg7 7. Nb3 Nf6 8. c4 d6 9. Nc3 O-O 10. Be3 b6 11. f3 Nbd7 12. Qd2 Qc7 13. Rfc1 Bb7 14. Bf1 Rfd8 15. Qf2 Rac8 16. Nd4 Qb8 17. Rab1 Qa8 18. b4 d5 19. cxd5 exd5 20. Nxd5 Nxd5 21. exd5 Bxd5 22. Nb3 b5 23. Nc5 Nxc5 24. Bxc5 Be6 25. Rd1 h5 26. a3 Rd5 27. Rxd5 Qxd5 28. Kh1 Bf5 29. Re1 Rd8 30. Qe3 Qa2 31. Qe7 Rd7 32. Qe3 Kh7 33. h3 Bh6 34. Qe8 h4 35. Re7 Rxe7 36. Qxe7 Qa1 37. Qe2 Bf4 38. Bf2 Be6 39. Qe1 Qxe1 40. Bxe1 g5 41. Kg1 Bc1 42. Kf2 Bxa3 43.
Ke3 Bb2 44. Bd3+ f5 45. f4 Bc1+ 46. Kd4 Bxf4 47. Kc5 Kg6 48. Kb6 Bd5 49. Bf1 Be5 50.
Kxa6 Bc4 51. Bxc4 bxc4 52. b5 c3 53. b6 c2 54. Bd2 Bf4 55. Bxf4 gxf4 56. b7 c1=Q 57.
b8=Q Qa1+ 58. Kb7 Qb2+ 59. Kc8 Qxb8+ 60. Kxb8 f3 61. gxf3 Kg5 0-1

[Event "Early-Titled-Tuesday-Blitz-October-10-2023"]
[Site "Chess.com"]
[Date "2023.10.10"]
[Round "3"]
[White "Evandro_Barbosa"]
[Black "arenal72"]
[Result "1-0"]
[WhiteElo "2709"]
[BlackElo "2410"]
[TimeControl "180+1"]
[EndTime "8:27:58 PDT"]
[Termination "Evandro_Barbosa won by resignation"]

1. e4 Nc6 2. Nf3 d6 3. d4 Nf6 4. Nc3 g6 5. Be3 Bg7 6. Qd2 a6 7. Bh6 O-O 8. Bxg7 Kxg7 9. O-O-O b5 10. Bd3 Bg4 11. Ne2 Qc8 12. h3 Bxf3 13. gxf3 e5 14.
d5 Ne7 15. h4 Nh5 16. f4 f6 17. Rdg1 c6 18. f5 Kf7 19. Qh6 Rh8 20. Ng3 Nf4 21. Ne2 Nxd3+ 22. cxd3 cxd5+ 23. Kb1 dxe4 24. dxe4 Qf8 25.
Qd2 Qd8 26. Nc3 Rc8 27. Nd5 Rc5 28. Ne3 Qa8 29. f3 d5 30. fxg6+ hxg6 31. Qg2 dxe4 32.
fxe4 Rh6 33. h5 g5 34. Ng4 Rh8 35. Rf1 Rc6 36. Nxe5+ Ke6 37. Nxc6 Qxc6 38. h6 Ng6 39. Qg4+ Ke7 40. Rc1 Qd6 41. Rhd1 Qe5 42. Rd7+ Kf8 43.
Rc8+ 1-0

[Event "Early-Titled-Tuesday-Blitz-October-10-2023"]
[Site "Chess.com"]
[Date "2023.10.10"]
[Round "3"]
[White "FGHSMN"]
[Black "Mr_Lion22"]
[Result "1-0"]
[WhiteElo "2857"]
[BlackElo "2515"]
[TimeControl "180+1"]
[EndTime "8:27:59 PDT"]
[Termination "FGHSMN won by resignation"]

1. d4 d5 2. Nf3 c6 3. Bf4 Nf6 4. e3 g6 5. h4 Bg7 6. Be2 h5 7. O-O O-O 8. c4 Bf5 9. Nc3 Nbd7 10. Qb3 dxc4 11. Bxc4 b5 12. Be2 a5 13. a3 Nb6 14.
Be5 a4 15. Qd1 Nfd5 16. Rc1 Nxc3 17. Rxc3 Rc8 18. Qc1 f6 19. Bg3 Qd7 20. Qd2 Be4 21.
Rfc1 Rfd8 22. Qe1 Bd5 23. Nd2 f5 24. Nf3 Qe6 25. Ng5 Qf6 26. Be5 Qf8 27. Bxg7 Qxg7 28.
Rc5 e5 29. dxe5 Qxe5 30. Qa5 Nd7 31. R5c2 Nf6 32. Qc3 Qxc3 33. Rxc3 Rb8 34. Bf3 Ne4 35. Bxe4 fxe4 36. Rc5 Rd7 37. Rd1 Rdb7 38. Rd4 Re7 39.
Nh3 Kg7 40. Nf4 Bf7 41. Rxc6 b4 42. axb4 Reb7 43. Rxe4 Rxb4 44. Re7 R8b7 45. Rxg6+ Kf8 46. Rxb7 Rxb7 47. Ra6 Bb3 48. Nxh5 Rc7 49. Nf4 Rc2 50. Nd3 Rd2 51. Nc5 Rxb2 52. Nxa4 Rb1+ 53. Kh2 Ra1 54. Nc5 Rf1 55. Nxb3 1-0

[Event "Early-Titled-Tuesday-Blitz-October-10-2023"]
[Site "Chess.com"]
[Date "2023.10.10"]
[Round "3"]
[White "koncheto"]
[Black "rasmussvane"]
[Result "0-1"]
[WhiteElo "2523"]
[BlackElo "3005"]
[TimeControl "180+1"]
[EndTime "8:28:00 PDT"]
[Termination "rasmussvane won by resignation"]

1. e4 c6 2. d4 d5 3. Nc3 dxe4 4. Nxe4 Nf6 5. Nxf6+ exf6 6. c3 Bd6 7. Bd3 O-O 8. Ne2 Re8 9. O-O Nd7 10. Ng3 Nf8 11. f4 c5 12. d5 Bd7 13. c4 Qc7 14. Nh5 b5 15. b3 bxc4 16. bxc4 Ng6 17. Qf3 Kh8 18.
Bb2 Rab8 19. Bc3 Bf8 20. Rae1 Rxe1 21. Rxe1 Re8 22. Rxe8 Bxe8 23. Qh3 h6 24. g3 Bd7 25. Qg2 Bg4 26. Be2 Bf5 27. Qf3 Bd6 28. Qe3 Qb8 29. Kg2 Kg8 30. Bf3 Ne7 31. h3 Bg6 32. Be2 Nf5 33.
Qf2 Qe8 34. Bd3 Ne3+ 35. Kf3 0-1